[Event "ChessHouse GM December 2020"]
[Site "Aarhus"]
[Date "2020.11.30"]
[Round "3.2"]
[White "Bjerre, Jonas Buhl"]
[Black "Grigorian, Spartak"]
[Result "1/2-1/2"]
[ECO "E10"]
[WhiteElo "2551"]
[BlackElo "2433"]
[Annotator "RC"]
[PlyCount "66"]
[EventDate "2020.11.29"]
[EventType "tourn"]
[EventCountry "DEN"]
[SourceTitle "playchess.com"]
[Source "ChessBase"]
[SourceQuality "1"]
[TimeControl "40/5400+30:1800+30"]

1. d4 Nf6 2. c4 e6 3. Nf3 d5 4. g3 Bb4+ 5. Bd2 Be7 6. Bg2 c6 7. O-O O-O 8. a4 a5 9. Qc2 Nbd7 10. Na3 Ne4 11. Be3 f5 12. Ne1 Bd6 13. Nd3 Qe7 14. Qc1 Bb8 15. Nb1 b6 16. Nd2 Ba6 17. b3 Bd6 18. Bf4 Rac8 19. Rd1 c5 20. Bxd6 Nxd6 21. dxc5 Nxc5 22. Ne5 Qf6 23. Qb2 Nf7 24. f4 Nxe5 25. fxe5 Qh6 26. Kh1 Qe3 27. Bf3 Rfd8 28. Rab1 d4 29. Nf1 Qc3 30. Qxc3 dxc3 31. Rdc1 Nd7 32. Rxc3 Nxe5 33. Re3 Rc5 1/2-1/2

[Event "ChessHouse GM December 2020"]
[Site "Aarhus"]
[Date "2020.11.30"]
[Round "3.4"]
[White "Olsen, Filip Boe"]
[Black "Nilssen, Ellen Fredericia"]
[Result "1-0"]
[ECO "A30"]
[WhiteElo "2354"]
[BlackElo "2174"]
[Annotator "ChessBase"]
[PlyCount "75"]
[EventDate "2020.11.29"]
[EventType "tourn"]
[EventCountry "DEN"]
[SourceTitle "playchess.com"]
[Source "ChessBase"]
[SourceQuality "1"]
[TimeControl "40/5400+30:1800+30"]

1. c4 c5 2. Nf3 Nc6 3. Nc3 g6 4. e3 Nf6 5. d4 cxd4 6. exd4 d5 7. cxd5 Nxd5 8. Qb3 Nxc3 9. Bc4 Nd5 10. Bxd5 e6 11. Bxc6+ bxc6 12. O-O Bg7 13. Bg5 Qd6 14. Qe3 O-O 15. Rfc1 Re8 16. Rc5 Bb7 17. h4 f6 18. Bh6 Bxh6 19. Qxh6 Qf8 20. Qe3 Rad8 21. Nd2 e5 22. Qb3+ Qf7 23. Ne4 Re6 24. dxe5 Rd4 25. Nxf6+ Kg7 26. h5 Qe7 27. hxg6 hxg6 28. Qc3 Rxe5 29. Nd7 Ree4 30. Re5 Qh4 31. Rxe4 Qxe4 32. Nc5 Qh4 33. Nd7 Qe4 34. Nc5 Qe1+ 35. Rxe1 Kg8 36. Qxd4 Ba8 37. Re7 a6 38. Qg7# 1-0

[Event "ChessHouse GM December 2020"]
[Site "Aarhus"]
[Date "2020.12.01"]
[Round "4.2"]
[White "Bjerre, Jonas Buhl"]
[Black "Ramsdal, Jens Albert"]
[Result "1-0"]
[ECO "E06"]
[WhiteElo "2551"]
[BlackElo "2292"]
[Annotator "RC"]
[PlyCount "121"]
[EventDate "2020.11.29"]
[EventType "tourn"]
[EventCountry "DEN"]
[SourceTitle "playchess.com"]
[Source "ChessBase"]
[SourceQuality "1"]
[TimeControl "40/5400+30:1800+30"]

1. d4 Nf6 2. c4 e6 3. Nf3 d5 4. g3 Be7 5. Bg2 O-O 6. O-O dxc4 7. Qc2 a6 8. a4 Bd7 9. Qxc4 Bc6 10. Bf4 Nbd7 11. Nc3 Bd6 12. Bd2 Ne4 13. Nxe4 Bxe4 14. Rfd1 Nb6 15. Qb3 a5 16. Ne1 Bd5 17. Qc2 Bxg2 18. Kxg2 Qe7 19. Nd3 Rfd8 20. e4 c6 21. Qb3 Nc8 22. Rac1 Bb8 23. Be3 Ba7 24. Nc5 Nd6 25. f3 Ne8 26. Qc3 h6 27. Bf4 Nf6 28. Be5 Ne8 29. b4 axb4 30. Qxb4 f6 31. Bf4 Bxc5 32. dxc5 e5 33. Be3 Qf7 34. a5 Kh7 35. Rb1 Rxd1 36. Rxd1 Qc7 37. Rb1 Rd8 38. Qc4 Rd7 39. a6 bxa6 40. Qxa6 Qa7 41. Rb6 Qxa6 42. Rxa6 Rc7 43. Ra8 Re7 44. Rc8 Re6 45. Kf2 Kg6 46. g4 Kf7 47. Bd2 Ke7 48. Ba5 Kf7 49. Bd8 Kg6 50. Rb8 h5 51. Kg3 Kh6 52. Rb7 Kg6 53. Kh4 Kh6 54. Be7 g5+ 55. Kh3 Kg7 56. gxh5 Kf7 57. Bd8+ Kg8 58. Kg4 Ng7 59. h6 f5+ 60. Kxg5 fxe4 61. Rxg7+ 1-0

[Event "ChessHouse GM December 2020"]
[Site "Aarhus"]
[Date "2020.12.02"]
[Round "5.2"]
[White "Georgescu, Lena"]
[Black "Bjerre, Jonas Buhl"]
[Result "1/2-1/2"]
[ECO "B92"]
[WhiteElo "2278"]
[BlackElo "2551"]
[Annotator "ChessBase"]
[PlyCount "64"]
[EventDate "2020.11.29"]
[EventType "tourn"]
[EventCountry "DEN"]
[SourceTitle "playchess.com"]
[Source "ChessBase"]
[SourceQuality "1"]
[TimeControl "40/5400+30:1800+30"]

1. e4 c5 2. Nf3 d6 3. d4 cxd4 4. Nxd4 Nf6 5. Nc3 a6 6. Be2 e5 7. Nf3 Be7 8. Bg5 Nbd7 9. a4 h6 10. Be3 b6 11. Bc4 Bb7 12. Nd2 O-O 13. O-O Qc7 14. Qe2 Nc5 15. Bxc5 Qxc5 16. Rad1 Rfc8 17. Bb3 Bc6 18. Qc4 Be8 19. Qxc5 Rxc5 20. Nc4 Rc6 21. Ne3 Ra7 22. Ncd5 Nxd5 23. Nxd5 Kf8 24. g3 Bd7 25. Kg2 Be6 26. Rd3 Ra8 27. Rfd1 Ra7 28. h4 h5 29. Nb4 Rc8 30. Nd5 Rc6 31. Nb4 Rc8 32. Nd5 Rc6 1/2-1/2

[Event "ChessHouse GM December 2020"]
[Site "Aarhus"]
[Date "2020.12.02"]
[Round "5.4"]
[White "Nilssen, Ellen Fredericia"]
[Black "Danielsen, Henrik"]
[Result "1/2-1/2"]
[ECO "E68"]
[WhiteElo "2174"]
[BlackElo "2517"]
[Annotator "ChessBase"]
[PlyCount "104"]
[EventDate "2020.11.29"]
[EventType "tourn"]
[EventCountry "DEN"]
[SourceTitle "playchess.com"]
[Source "ChessBase"]
[SourceQuality "1"]
[TimeControl "40/5400+30:1800+30"]

1. d4 d6 2. Nf3 Nf6 3. g3 g6 4. Bg2 Bg7 5. O-O O-O 6. c4 Nbd7 7. Nc3 e5 8. e4 c6 9. Be3 Re8 10. h3 Qe7 11. d5 c5 12. Qc2 Rf8 13. Rae1 a6 14. a4 Nh5 15. Bg5 Qe8 16. Nh2 Kh8 17. Ne2 Rb8 18. g4 Nhf6 19. Nc3 b6 20. Re2 Ng8 21. Qc1 Rb7 22. Kh1 Nb8 23. f4 f6 24. Bh4 exf4 25. g5 Nd7 26. gxf6 Ngxf6 27. e5 Nxe5 28. Nf3 Nh5 29. Ne4 Qd7 30. Nfg5 f3 31. Bxf3 Nxf3 32. Ref2 Qe7 33. Rxf3 Rxf3 34. Rxf3 Bf5 35. Qe1 Be5 36. Ne6 Qe8 37. Nd8 Bd4 38. Nxd6 Qxe1+ 39. Bxe1 Rd7 40. Nxf5 gxf5 41. Ne6 Bxb2 42. Rxf5 Nf6 43. Bh4 Ng8 44. Rf2 Be5 45. Re2 Bc3 46. Re3 Bf6 47. Bxf6+ Nxf6 48. Rf3 Rf7 49. Nd8 Rf8 50. Ne6 Rf7 51. Nd8 Rf8 52. Ne6 Rf7 1/2-1/2

[Event "ChessHouse GM December 2020"]
[Site "Aarhus"]
[Date "2020.12.02"]
[Round "5.5"]
[White "Olsen, Filip Boe"]
[Black "Heimisson, Hilmir Freyr"]
[Result "1-0"]
[ECO "A40"]
[WhiteElo "2354"]
[BlackElo "2318"]
[Annotator "NA"]
[PlyCount "55"]
[EventDate "2020.11.29"]
[EventType "tourn"]
[EventCountry "DEN"]
[SourceTitle "playchess.com"]
[Source "ChessBase"]
[SourceQuality "1"]
[TimeControl "40/5400+30:1800+30"]

1. d4 e6 2. c4 b6 3. e4 Bb4+ 4. Bd2 Bxd2+ 5. Qxd2 d5 6. Bd3 Bb7 7. cxd5 exd5 8. e5 c5 9. Nf3 Ne7 10. O-O Nbc6 11. Nc3 $14 O-O 12. Ne2 c4 13. Bc2 f6 14. Nf4 Bc8 15. Rfe1 Bg4 16. exf6 Rxf6 17. Ne5 Bf5 18. Ba4 Na5 19. g4 Bg6 20. Nexg6 hxg6 21. Rxe7 Qxe7 22. Nxd5 Qd6 23. Nxf6+ Qxf6 24. Qe3 Rd8 25. Rd1 Nb7 26. Bd7 Kh7 27. g5 Qd6 28. Be6 1-0

[Event "ChessHouse GM December 2020"]
[Site "Aarhus"]
[Date "2020.12.03"]
[Round "6.1"]
[White "Thybo, Jesper Sondergaard"]
[Black "Olsen, Filip Boe"]
[Result "1/2-1/2"]
[ECO "A06"]
[WhiteElo "2565"]
[BlackElo "2354"]
[Annotator "ChessBase"]
[PlyCount "157"]
[EventDate "2020.11.29"]
[EventType "tourn"]
[EventCountry "DEN"]
[SourceTitle "playchess.com"]
[Source "ChessBase"]
[SourceQuality "1"]
[TimeControl "40/5400+30:1800+30"]

1. Nf3 d5 2. g3 Nf6 3. Bg2 c6 4. O-O Bf5 5. c4 e6 6. cxd5 cxd5 7. Qb3 Qb6 8. Qxb6 axb6 9. Nc3 Nc6 10. d3 Be7 11. Nb5 O-O 12. Be3 Nd7 13. Nfd4 Bg6 14. f4 Bc5 15. a3 Nxd4 16. Nxd4 Bh5 17. Rae1 Rfc8 18. h3 Ra4 19. Nc2 Be7 20. Na1 f5 21. Rc1 Rc6 22. Kf2 Bf6 23. Rc2 Ra8 24. Rb1 Rac8 25. Rxc6 bxc6 26. b4 Kf8 27. Nc2 c5 28. bxc5 bxc5 29. Rb7 Ke8 30. Ke1 c4 31. Nd4 cxd3 32. exd3 Nc5 33. Rb6 Nxd3+ 34. Kd2 Nc5 35. Nb5 Kd7 36. Rd6+ Ke7 37. Rb6 Kd7 38. Rd6+ Ke7 39. Rb6 Nb3+ 40. Kd3 Be8 41. Rb7+ Bd7 42. Nc7 Na5 43. Bc5+ Kf7 44. Ra7 Nc6 45. Rb7 Nd8 46. Ra7 Kg6 47. Bd6 Nc6 48. Ra8 Rxa8 49. Nxa8 Na5 50. Nb6 Bb5+ 51. Kc2 Bd4 52. Bc7 Bf2 53. g4 d4 54. a4 Be2 55. Nd7 d3+ 56. Kc3 Be1+ 57. Kd4 Nb3+ 58. Ke3 Bd2+ 59. Kf2 h5 60. Ne5+ Kh7 61. gxf5 exf5 62. Bf3 Bxf4 63. Bxe2 dxe2 64. Kxe2 g5 65. Kf3 Nd4+ 66. Kg2 Nb3 67. Kf3 h4 68. Bb8 Nd4+ 69. Kg2 Bd2 70. Nc4 Bb4 71. a5 Nc6 72. a6 Bc5 73. Bd6 Ba7 74. Ne5 Nxe5 75. Bxe5 Kg6 76. Bh2 g4 77. Bg1 Bb8 78. a7 Bxa7 79. Bxa7 1/2-1/2

[Event "ChessHouse GM December 2020"]
[Site "Aarhus"]
[Date "2020.12.03"]
[Round "6.2"]
[White "Bjerre, Jonas Buhl"]
[Black "Haubro, Martin"]
[Result "1-0"]
[ECO "E10"]
[WhiteElo "2551"]
[BlackElo "2434"]
[Annotator "ChessBase"]
[PlyCount "81"]
[EventDate "2020.11.29"]
[EventType "tourn"]
[EventCountry "DEN"]
[SourceTitle "playchess.com"]
[Source "ChessBase"]
[SourceQuality "1"]
[TimeControl "40/5400+30:1800+30"]

1. d4 Nf6 2. c4 e6 3. Nf3 d5 4. g3 Bb4+ 5. Bd2 Be7 6. Bg2 O-O 7. O-O Nbd7 8. Bc3 c6 9. Nbd2 b6 10. b4 Bb7 11. Qb3 b5 12. c5 Qb8 13. Ne5 Nxe5 14. dxe5 Nd7 15. Qb2 a5 16. a3 Qc7 17. Nb3 a4 18. Nd4 Rfe8 19. f4 Bf8 20. Kh1 g6 21. e4 Bg7 22. Rae1 Nf8 23. Bh3 Rad8 24. exd5 exd5 25. Qf2 Ne6 26. Nxe6 fxe6 27. Bd4 Bc8 28. g4 Rf8 29. Qg1 Qe7 30. Re3 Rf7 31. f5 Bh6 32. f6 Qb7 33. g5 Bf8 34. Bg4 Kh8 35. h4 h5 36. Bxh5 Rh7 37. Bxg6 Rxh4+ 38. Kg2 Bh6 39. Rg3 Bxg5 40. Rxg5 Rg8 41. f7 1-0

[Event "ChessHouse GM December 2020"]
[Site "Aarhus"]
[Date "2020.12.03"]
[Round "6.3"]
[White "Ramsdal, Jens Albert"]
[Black "Georgescu, Lena"]
[Result "1-0"]
[ECO "E32"]
[WhiteElo "2292"]
[BlackElo "2278"]
[Annotator "NA"]
[PlyCount "219"]
[EventDate "2020.11.29"]
[EventType "tourn"]
[EventCountry "DEN"]
[SourceTitle "playchess.com"]
[Source "ChessBase"]
[SourceQuality "1"]
[TimeControl "40/5400+30:1800+30"]

1. d4 Nf6 2. c4 e6 3. Nc3 Bb4 4. Qc2 O-O 5. Nf3 c5 6. dxc5 Na6 7. g3 Nxc5 8. Bg2 Nce4 9. O-O Nxc3 10. bxc3 Be7 11. e4 d6 12. e5 dxe5 13. Nxe5 Qc7 14. Qe2 Nd7 15. Bf4 Bd6 16. Rfe1 Bxe5 17. Bxe5 Nxe5 18. Qxe5 Qxc4 19. Rad1 Qxa2 20. Re4 Qa3 (20... Qb3 $15 21. Bf3 a5) 21. Rg4 g6 22. h4 Qe7 23. Rgd4 a5 (23... f6 $5 24. Qa5 e5 $17) 24. h5 f6 25. Qb5 {[%emt 0:00:42] [#]} gxh5 $17 26. Be4 f5 27. Bc2 Ra6 28. Bb3 Rc6 29. Qxa5 Qc5 30. Qa2 Qxc3 31. Rd8 Qf6 32. Rxf8+ Qxf8 33. Qa5 Rd6 34. Rc1 Rc6 35. Rd1 Kg7 36. Ba4 Qc5 37. Qd8 Rc7 38. Qg5+ Kf7 39. Qxh5+ Kg7 40. Qg5+ Kf7 41. Qh6 Qf8 42. Qxh7+ Qg7 43. Qh5+ Kf6 44. Rd8 b5 45. Bd1 Rc1 46. Kh2 Rxd1 47. Rxd1 Bb7 48. Rd8 Bd5 49. Re8 Ke5 50. Rd8 Qa7 51. f4+ Ke4 52. Qe2+ Qe3 53. Qxb5 Qf2+ 54. Kh3 Qd2 55. Rc8 Ke3 56. Qb6+ Kf3 57. Qg1 Qb2 58. Qf1+ Ke4 59. Qg2+ Qxg2+ 60. Kxg2 Ke3+ 61. Kh2 Kf3 62. Rc7 Be4 63. Kh3 Bd5 64. Kh4 Be4 65. Rc3+ Kg2 66. g4 fxg4 67. Kxg4 Bf5+ 68. Kg5 Kf2 69. Kf6 Ke2 70. Ke5 Kd2 71. Rg3 Ke2 72. Kd4 Kf2 73. Ra3 Ke2 74. Ra5 Kf3 75. Ke5 Kg3 76. Ra3+ Kg4 77. Rc3 Kh4 78. Kd4 Kg4 79. Ke3 Kg3 80. Rc7 Kg2 81. Ra7 Kg3 82. Rg7+ Kh4 83. Rg1 Kh5 84. Kd4 Kh4 85. Ke5 Bg4 86. Ke4 Kh3 87. Ke3 Kh4 88. Kf2 Kh5 89. Kg3 Bf5 90. Rh1+ Kg6 91. Kh4 Be4 92. Ra1 Kf5 93. Kg3 Bd5 94. Ra5 Kf6 95. Kf2 Bc4 96. Rh5 Bd5 97. Ke3 Bb3 98. Rh6+ Kf5 99. Rh8 Bd5 100. Rf8+ Kg4 101. Kd4 Bb3 102. Ke4 Bc2+ 103. Ke5 Bb3 104. Rd8 Ba2 105. Rb8 Kf3 106. Rb2 Bc4 107. Rb4 Ba2 108. Ra4 Bb1 109. Kxe6 Kg4 110. f5+ 1-0

[Event "ChessHouse GM December 2020"]
[Site "Aarhus"]
[Date "2020.12.03"]
[Round "6.4"]
[White "Heimisson, Hilmir Freyr"]
[Black "Nilssen, Ellen Fredericia"]
[Result "1-0"]
[ECO "C18"]
[WhiteElo "2318"]
[BlackElo "2174"]
[Annotator "NA"]
[PlyCount "93"]
[EventDate "2020.11.29"]
[EventType "tourn"]
[EventCountry "DEN"]
[SourceTitle "playchess.com"]
[Source "ChessBase"]
[SourceQuality "1"]
[TimeControl "40/5400+30:1800+30"]

1. e4 e6 2. d4 d5 3. Nc3 Bb4 4. e5 c5 5. a3 Bxc3+ 6. bxc3 Qa5 7. Bd2 Qa4 8. Qb1 c4 9. Qd1 Nc6 10. Qg4 g6 11. Qd1 Bd7 12. Nf3 O-O-O 13. g3 f6 14. h4 fxe5 15. dxe5 Nge7 16. Bg2 h6 17. O-O Rdf8 18. Re1 Rf5 19. Bh3 Rf7 20. Nd4 Nxd4 21. cxd4 g5 22. h5 Nf5 23. Bb4 Rg8 24. Bg4 Kb8 25. Qd2 c3 26. Qd1 ({White should try} 26. Bxc3 $14 Rc8 27. Rec1) 26... Rc8 27. Bxf5 Rxf5 28. Rb1 Ka8 $11 29. Rb3 g4 30. Re3 Rxh5 31. Qxg4 Rg5 32. Qf4 Rcg8 33. Rexc3 Bc6 34. Rf3 Be8 35. Rbc3 Qd7 36. Bd6 Rf5 37. Qe3 Bg6 38. Rc7 Qb5 39. Qc3 Qe8 40. Qb4 b6 41. Rb3 Rf7 42. Be7 Rxe7 43. Rxe7 Qb8 44. Rc3 Rc8 45. Rxc8 Qxc8 46. Qa4 Qc3 47. Qxa7# 1-0

[Event "ChessHouse GM December 2020"]
[Site "Aarhus"]
[Date "2020.12.03"]
[Round "6.5"]
[White "Grigorian, Spartak"]
[Black "Danielsen, Henrik"]
[Result "1-0"]
[ECO "A88"]
[WhiteElo "2433"]
[BlackElo "2517"]
[Annotator "ChessBase"]
[PlyCount "79"]
[EventDate "2020.11.29"]
[EventType "tourn"]
[EventCountry "DEN"]
[SourceTitle "playchess.com"]
[Source "ChessBase"]
[SourceQuality "1"]
[TimeControl "40/5400+30:1800+30"]

1. d4 f5 2. c4 Nf6 3. Nf3 g6 4. g3 Bg7 5. Bg2 O-O 6. O-O d6 7. Nc3 c6 8. Rb1 a5 9. Qb3 Kh8 10. Rd1 Ne4 11. Ng5 Nxc3 12. bxc3 h6 13. Nf3 Qe8 14. c5 dxc5 15. Ne5 cxd4 16. cxd4 Nd7 17. a4 Nf6 18. Ba3 Kh7 19. e3 Ne4 20. Nc4 Be6 21. Qc2 b5 22. Nd2 b4 23. Nxe4 fxe4 24. Bb2 b3 25. Qd2 Bd5 26. Bc3 Qd7 27. Bf1 Ra7 28. Rdc1 Qf5 29. Rb2 Rfa8 30. Be2 e5 31. dxe5 Bxe5 32. Bxe5 Qxe5 33. Bc4 Rb7 34. Bxd5 Qxd5 35. Qxd5 cxd5 36. Rc5 Rd8 37. Kg2 d4 38. exd4 Rxd4 39. Rxa5 Rc4 40. Ra8 1-0

[Event "ChessHouse GM December 2020"]
[Site "Aarhus"]
[Date "2020.12.03"]
[Round "7.1"]
[White "Nilssen, Ellen Fredericia"]
[Black "Thybo, Jesper Sondergaard"]
[Result "0-1"]
[ECO "D85"]
[WhiteElo "2174"]
[BlackElo "2565"]
[Annotator "ChessBase"]
[PlyCount "66"]
[EventDate "2020.11.29"]
[EventType "tourn"]
[EventCountry "DEN"]
[SourceTitle "playchess.com"]
[Source "ChessBase"]
[SourceQuality "1"]
[TimeControl "40/5400+30:1800+30"]

1. d4 Nf6 2. c4 g6 3. Nc3 d5 4. cxd5 Nxd5 5. e4 Nxc3 6. bxc3 Bg7 7. Be3 c5 8. Qd2 Qa5 9. Rc1 O-O 10. Nf3 Bg4 11. d5 b5 12. Bxc5 Rc8 13. Bd4 Bxf3 14. gxf3 Bxd4 15. Qxd4 Qxa2 16. Bd3 Nd7 17. O-O Nc5 18. Qe3 a6 19. Rfd1 Na4 20. c4 bxc4 21. Bf1 Qb3 22. Qd4 c3 23. Bh3 c2 24. Rd2 Rc4 25. Qe3 Rc3 26. Qe2 Rxf3 27. Bg2 Rc3 28. Rdxc2 Rac8 29. Rxc3 Nxc3 30. Rxc3 Rxc3 31. Qd1 Qxd1+ 32. Bf1 Qg4+ 33. Bg2 Rc1# 0-1

[Event "ChessHouse GM December 2020"]
[Site "Aarhus"]
[Date "2020.12.03"]
[Round "7.2"]
[White "Olsen, Filip Boe"]
[Black "Bjerre, Jonas Buhl"]
[Result "1/2-1/2"]
[ECO "E47"]
[WhiteElo "2354"]
[BlackElo "2551"]
[Annotator "ChessBase"]
[PlyCount "47"]
[EventDate "2020.11.29"]
[EventType "tourn"]
[EventCountry "DEN"]
[SourceTitle "playchess.com"]
[Source "ChessBase"]
[SourceQuality "1"]
[TimeControl "40/5400+30:1800+30"]

1. d4 Nf6 2. c4 e6 3. Nc3 Bb4 4. e3 O-O 5. Bd3 c5 6. Nf3 b6 7. O-O Bxc3 8. bxc3 Bb7 9. Qe2 Be4 10. Nd2 Bxd3 11. Qxd3 d5 12. cxd5 exd5 13. f3 Nc6 14. Bb2 Rc8 15. a3 Qd7 16. e4 cxd4 17. cxd4 dxe4 18. fxe4 Ne5 19. Qb3 Ng6 20. Rae1 Qc6 21. Rc1 Qb7 22. Rce1 Qc6 23. Rc1 Qb7 24. Rce1 1/2-1/2

[Event "ChessHouse GM December 2020"]
[Site "Aarhus"]
[Date "2020.12.03"]
[Round "7.3"]
[White "Haubro, Martin"]
[Black "Ramsdal, Jens Albert"]
[Result "0-1"]
[ECO "B67"]
[WhiteElo "2434"]
[BlackElo "2292"]
[Annotator "ChessBase"]
[PlyCount "76"]
[EventDate "2020.11.29"]
[EventType "tourn"]
[EventCountry "DEN"]
[SourceTitle "playchess.com"]
[Source "ChessBase"]
[SourceQuality "1"]
[TimeControl "40/5400+30:1800+30"]

1. e4 c5 2. Nf3 d6 3. d4 cxd4 4. Nxd4 Nf6 5. Nc3 Nc6 6. Bg5 e6 7. Qd2 a6 8. O-O-O Bd7 9. f4 h6 10. Bxf6 Qxf6 11. Nf3 Qd8 12. Kb1 Be7 13. Bd3 Qb6 14. Rhe1 O-O-O 15. Qc1 Rhe8 16. Nd2 Na5 17. Nc4 Nxc4 18. Bxc4 Kb8 19. Bb3 h5 20. Rd3 h4 21. Qd2 Rh8 22. Nd1 Bc6 23. Rd4 g5 24. f5 Bf6 25. Rd3 Bb5 26. Rde3 Be5 27. a4 Bd7 28. fxe6 fxe6 29. g3 Rdf8 30. Rd3 hxg3 31. hxg3 Qd8 32. Qe2 Qa5 33. Rg1 Bxa4 34. Bxe6 Bb5 35. c4 Ba4 36. Bf5 Rh6 37. Ra3 Rfh8 38. Bd7 Qc5 0-1

[Event "ChessHouse GM December 2020"]
[Site "Aarhus"]
[Date "2020.12.03"]
[Round "7.5"]
[White "Danielsen, Henrik"]
[Black "Heimisson, Hilmir Freyr"]
[Result "1-0"]
[ECO "A46"]
[WhiteElo "2517"]
[BlackElo "2318"]
[Annotator "ChessBase"]
[PlyCount "77"]
[EventDate "2020.11.29"]
[EventType "tourn"]
[EventCountry "DEN"]
[SourceTitle "playchess.com"]
[Source "ChessBase"]
[SourceQuality "1"]
[TimeControl "40/5400+30:1800+30"]

1. d4 Nf6 2. Nf3 e6 3. c4 c5 4. e3 cxd4 5. exd4 d5 6. a3 Nc6 7. Nc3 Bd6 8. c5 Bc7 9. b4 e5 10. dxe5 Nxe5 11. Bb5+ Bd7 12. O-O O-O 13. Bxd7 Qxd7 14. Bg5 Rad8 15. Bxf6 gxf6 16. Nd4 Kh8 17. f4 Ng6 18. g3 Rg8 19. Kh1 Qh3 20. Qf3 Ne7 21. Rad1 Rg4 22. Nce2 a6 23. Qe3 Ng6 24. Rf2 Qh5 25. Qf3 Rg8 26. Nc2 Bxf4 27. gxf4 d4 28. Ncxd4 Nh4 29. Qxb7 R4g6 30. Qe4 Qg4 31. Nf3 f5 32. Qd4+ f6 33. Nxh4 Qxh4 34. Rg1 Qh3 35. Rxg6 Rxg6 36. Qc3 Qh4 37. Qf3 Rg8 38. Rg2 Re8 39. Qg3 1-0

[Event "ChessHouse GM December 2020"]
[Site "Aarhus"]
[Date "2020.12.05"]
[Round "9.2"]
[White "Danielsen, Henrik"]
[Black "Bjerre, Jonas Buhl"]
[Result "1/2-1/2"]
[ECO "A46"]
[WhiteElo "2517"]
[BlackElo "2551"]
[Annotator "ChessBase"]
[PlyCount "38"]
[EventDate "2020.11.29"]
[EventType "tourn"]
[EventCountry "DEN"]
[SourceTitle "playchess.com"]
[Source "ChessBase"]
[SourceQuality "1"]
[TimeControl "40/5400+30:1800+30"]

1. d4 Nf6 2. Nf3 d5 3. c4 e6 4. e3 b6 5. Be2 Bd6 6. O-O O-O 7. b3 Bb7 8. Bb2 Nbd7 9. Nbd2 Qe7 10. Qc2 Rac8 11. Rfd1 c5 12. Rac1 cxd4 13. Nxd4 Bb4 14. Qb1 Rfd8 15. N4f3 Ba3 16. cxd5 Nxd5 17. Rxc8 Rxc8 18. Rc1 Rxc1+ 19. Qxc1 Bxb2 1/2-1/2